 Dungeon Crawl Stone Soup version 0.31-a0-185-g9dded2c639 (webtiles) character file.

Game seed: 14608424238931610300

90 qw the Shooter (level 4, 0/25 HPs)
             Began as a Deep Elf Hunter on June 22, 2023.
             Slain by an ogre
             ... wielding a +0 giant spiked club
              (6 damage)
             ... on level 3 of the Dungeon.
             The game lasted 00:00:36 (1856 turns).

qw the Shooter (Deep Elf Hunter)                    Turns: 1856, Time: 00:00:36

Health: 0/25       AC:  4    Str: 10    XL:     4   Next: 32%
Magic:  6/6        EV: 12    Int: 14    God:
Gold:   124        SH:  0    Dex: 18    Spells: 3/3 levels left

rFire   . . .        Y - +0 shortbow
rCold   . . .        (shield currently unavailable)
rNeg    . . .        c - +0 leather armour
rPois   .            (no helmet)
rElec   .            (no cloak)
rCorr   .            (no gloves)
SInv    .            b - +0 pair of boots
Will    .....        (no amulet)
Stlth   ++           (no ring)
HPRegen 0.24/turn    (no ring)
MPRegen 0.10/turn

%: no passive effects
@: no status effects
A: no striking features
a: no special abilities


You were on level 3 of the Dungeon.
You visited 1 branch of the dungeon, and saw 3 of its levels.

You collected 124 gold pieces.


   Skills:
 - Level 1.5 Fighting
 + Level 7.7 Ranged Weapons
 - Level 2.4 Dodging
 - Level 1.2 Stealth


You had 3 spell levels left.
You didn't know any spells.
Your spell library was empty.

Inventory:

Hand Weapons
 Y - a +0 shortbow (weapon)
Armour
 b - a +0 pair of boots (worn)
 c - a +0 leather armour (worn)
 f - a +0 pair of gloves
Potions
 a - a potion of attraction {unknown}
 d - a potion of magic {unknown}
 e - a potion of curing
 i - a potion of resistance {unknown}

Dungeon Overview and Level Annotations

Branches:
Dungeon (3/15)

Altars:
Dithmenos

Annotations:
D:3 1 runed translucent door, Crazy Yiuf


Message History

The goblin barely misses you.
You shoot an arrow. The arrow hits the goblin.
You kill the goblin!
You shoot an arrow. The arrow closely misses the goblin.
The arrow hits the ogre but does no damage.
The goblin hits you but does no damage.
You shoot an arrow. The arrow hits the goblin.
The goblin is moderately wounded.
The goblin hits you with a +0 club.
You shoot an arrow. The arrow hits the goblin.
You kill the goblin!
You shoot an arrow. The arrow closely misses the goblin.
The arrow hits the ogre.
The ogre is moderately wounded.
The goblin hits you but does no damage.
You shoot an arrow. The arrow hits the goblin.
The goblin is severely wounded.
The goblin hits you with a +0 dagger.
You shoot an arrow. The arrow misses the goblin.
The arrow hits the ogre.
The ogre is moderately wounded.
The goblin hits you but does no damage. The goblin misses you.
You shoot an arrow. The arrow hits the goblin!
You kill the goblin!
You shoot an arrow. The arrow hits the goblin.
You kill the goblin!
You shoot an arrow. The arrow hits the goblin.
The goblin is heavily wounded.
The goblin hits you with a +0 dagger.
You shoot an arrow. The arrow hits the goblin.
You kill the goblin!
You shoot an arrow. The arrow hits the ogre.
The ogre is moderately wounded.
The ogre hits you with a +0 giant spiked club!
Ouch! That really hurt!
You shoot an arrow. The arrow hits the ogre!
The ogre is heavily wounded.
You shoot an arrow. The arrow hits the ogre!
The ogre is severely wounded.
The ogre hits you with a +0 giant spiked club.
You die...

###....%...#.##.#
####.......##.#
####.###.......
#..........##.#
#..........##.#
###¤¤.).......... ###
#..¤.............
#..(##.##._.####......
#.)gO@.##¤.¤# #......
#(..######### #####..
### #.# #.# ##### #..
#..)# ##. #...# #. ...
## #+# #


You could see an ogre and a goblin.

Vanquished Creatures
  4 adders
  A dart slug (D:2)
  2 bats (D:3)
  3 endoplasms
  A giant cockroach (D:1)
  11 goblins
  9 hobgoblins
  3 kobolds
  3 quokkas
  2 ball pythons
  2 frilled lizards
  10 rats
51 creatures vanquished.

Notes
Turn   | Place    | Note
-------+----------+-------------------------------------------
     0 | D:1      | qw the Deep Elf Hunter began the quest for the Orb.
     0 | D:1      | Reached XP level 1. HP: 12/12 MP: 3/3
     0 | D:1      | 0 ||| qw: Version: 0.3-a-9-g12657ce
     0 | D:1      | 0 ||| qw: Game counter: 1732
     0 | D:1      | 0 ||| qw: Always use a shield: true
     0 | D:1      | 0 ||| qw: God list: Okawaru
     0 | D:1      | 0 ||| qw: Allow faded altars: false
     0 | D:1      | 0 ||| qw: Do Orc after D:15 true
     0 | D:1      | 0 ||| qw: Do second Lair branch before Depths: true
     0 | D:1      | 0 ||| qw: Lair rune preference: random
     0 | D:1      | 0 ||| qw: Plans: Normal
     0 | D:1      | 0 ||| PLANNING D:1-11
   146 | D:1      | Reached XP level 2. HP: 16/16 MP: 4/4
   161 | D:1      | Reached skill level 6 in Ranged Weapons
   638 | D:1      | 638 ||| DROPPING scroll of butterflies.
   743 | D:2      | Reached XP level 3. HP: 6/20 MP: 5/5
   883 | D:2      | 883 ||| FLEEEEING.
  1388 | D:2      | 1388 ||| UPGRADING to +0 pair of boots.
  1393 | D:2      | 1393 ||| READING scroll labelled LAETSA ZUXUTSO.
  1394 | D:2      | 1394 ||| READING scroll labelled NEMUGO INLOJOA.
  1395 | D:2      | 1395 ||| READING scroll labelled RASEIL ECSOFF.
  1398 | D:2      | 1398 ||| READING scroll labelled CAOTTI YTOO.
  1399 | D:2      | 1399 ||| DRINKING 2 ruby potions.
  1449 | D:3      | Reached skill level 7 in Ranged Weapons
  1489 | D:3      | Found a shadowy altar of Dithmenos.
  1542 | D:3      | Found a runed translucent door.
  1543 | D:3      | Noticed Crazy Yiuf
  1695 | D:3      | Reached XP level 4. HP: 16/25 MP: 6/6
  1840 | D:3      | Noticed an ogre
  1854 | D:3      | HP: 5/25 [ogre/+0 giant spiked club (17)]
  1856 | D:3      | Slain by an ogre

Levels and vault maps discovered:
D:1:      minmay_arrival_checkered_box, layout_loops_ring,
          minmay_rat_gold_closets
D:2:      layout_loops_ring
D:3:      layout_basic, grunt_dithmenos_smoke, ebering_ghost_sewer_f,
          minmay_ogre_servants, uniq_crazy_yiuf_cottage

Skill      XL: |  1  2  3 |
---------------+----------+-----
Ranged Weapons | 6 7 |  7.7
Fighting       | |  1.5
Dodging        | |  2.4
Stealth        | |  1.2

Action                     |  1- 3 |  4- 6 || total
---------------------------+-------+-------++-------
   Fire: Shortbow          |   103 |    26 ||   129
    Use: Scroll            |     4 |       ||     4
         Potion            |     1 |       ||     1
 Armour: Leather armour    |     8 |     5 ||    13
  Dodge: Dodged            |    25 |     5 ||    30

Table legend:
 A = Non-vault XP
 B = Vault XP
 C = Vault XP percentage of total XP
 D = Non-vault monster count
 E = Vault monster count
 F = Vault count percentage of total count
                 A         B        C        D         E       F
            +---------+---------+-------+---------+---------+-------
      Total |     112 |      17 |  13.2 |      37 |      14 |  27.5
            +---------+---------+-------+---------+---------+-------
        D:1 |      23 |       7 |  23.3 |      13 |       7 |  35.0
        D:2 |      28 |       0 |   0.0 |       9 |       0 |   0.0
        D:3 |      61 |      10 |  14.1 |      15 |       7 |  31.8
            +---------+---------+-------+---------+---------+-------
